 Dungeon Crawl Stone Soup version 0.21-a0-274-gc1afaeb (webtiles) character file.

5 Goblin1989 the Insei (level 1, -1/15 HPs)
             Began as a Barachi Transmuter on Sept 16, 2017.
             Slain by a goblin
             ... wielding a +0 club
              (3 damage)
             ... on level 1 of the Dungeon on Sept 18, 2017.
             The game lasted 00:01:18 (248 turns).

Goblin1989 the Insei (Barachi Transmuter)            Turns: 248, Time: 00:01:19

Health: -1/15      AC:  2    Str: 11    XL:     1   Next: 80%
Magic:  3/3        EV: 12    Int: 13    God:
Gold:   35         SH:  0    Dex: 12    Spells: 3/4 levels left

rFire    . . .     SeeInvis .     - Unarmed
rCold    . . .     Gourm    .   (no shield)
rNeg     . . .     Faith    .   b - +0 robe
rPois    .         Spirit   .   (no helmet)
rElec    .         Reflect  .   (no cloak)
rCorr    .         Harm     .   (no gloves)
MR       .....                  (no boots)
Stlth    +.........             (no amulet)
HPRegen  0.05/turn              (no ring)
MPRegen  0.08/turn              (no ring)

@: slow
A: +LOS, swims, slowness 1, strong legs 1
a: Hop


You were on level 1 of the Dungeon.
You were not hungry.

You visited 1 branch of the dungeon, and saw 1 of its levels.

You collected 35 gold pieces.

Inventory:

Hand Weapons
 f - a +1 spear of piercing
Missiles
 a - 44 arrows
Armour
 b - a +0 robe (worn)
Potions
 h - a potion of heal wounds {unknown}
Books
 c - a book of Changes

   Spells                             Type                      Level
   a - Beastly Appendage              Transmutation                1
   b - Sticks to Snakes               Transmutation                2
   c - Spider Form                    Transmutation/Poison         3
   d - Ice Form                       Ice/Transmutation            4
   e - Blade Hands                    Transmutation                5
Comestibles
 e - a bread ration {@e1}
 g - a meat ration {@e2}


   Skills:
 - Level 1.2 Fighting
 - Level 2.1 Dodging
 + Level 3.7 Unarmed Combat
 - Level 2.1 Spellcasting
 - Level 2.1 Transmutations


You had 3 spell levels left.
You knew the following spells:

 Your Spells              Type           Power        Failure   Level  Hunger
a - Beastly Appendage     Tmut           #.....       10%         1    ##.....


Dungeon Overview and Level Annotations

Branches:
Dungeon (1/15)

Altars:


Innate Abilities, Weirdness & Mutations

Shadows flee at your approach. (+LOS)
You can swim through water.
You cover ground slowly.
You can hop short distances.


Message History

You start resting.
HP restored.
Health restored: 15
There is a stone staircase leading down here.
You now have 17 gold pieces (gained 10).
You open the door.
There is an open door here.
There is a staircase leading out of the dungeon here.
You open the door.
There is an open door here.
You now have 35 gold pieces (gained 18).
h - a white potion A goblin comes into view.
It is wielding a dagger.
A goblin comes into view. It is wielding a club.
You closely miss the goblin. The goblin completely misses you.
You closely miss the goblin.
The goblin shouts!
You hear a shout! x2
A bat comes into view.
You closely miss the goblin. The goblin hits you with a dagger.
A hobgoblin comes into view. It is wielding a club.
You take 1 damage, and have 14/15 hp.
You miss the goblin. The goblin completely misses you.
The hobgoblin moves out of view.
You barely miss the goblin. The goblin barely misses you.
You closely miss the goblin. The goblin hits you but does no damage.
You hit the goblin.
The goblin is severely wounded.
The goblin barely misses you.
You closely miss the goblin.
The goblin is severely wounded.
The goblin barely misses you.
A leopard gecko comes into view.
You barely miss the goblin.
The goblin is severely wounded.
The goblin barely misses you.
A goblin comes into view. It is wielding a club.
You barely miss the goblin.
The goblin is severely wounded.
The goblin shouts!
The goblin hits you with a dagger.
You take 1 damage, and have 13/15 hp.
You hit the goblin.
You kill the goblin!
The bat closely misses you. The bat barely misses you.
A kobold comes into view. It is wielding a club.
You hit the bat but do no damage. The bat hits you but does no damage.
You closely miss the bat. The bat misses you.
You hit the bat.
You kill the bat!
The leopard gecko misses you.
You closely miss the leopard gecko. Your punch misses the leopard gecko.
The leopard gecko bites you.
You take 4 damage, and have 10/15 hp.
MASSIVE DAMAGE!!
You barely miss the leopard gecko. The leopard gecko bites you.
* * * LOW HITPOINT WARNING * * *
You are too injured to fight recklessly!
You take 4 damage, and have 6/15 hp.
MASSIVE DAMAGE!!
You are too injured to fight recklessly!
You are too injured to fight recklessly!
You are too injured to fight recklessly!
You are too injured to fight recklessly!
You are too injured to fight recklessly!
You are too injured to fight recklessly!
You are too injured to fight recklessly!
You are too injured to fight recklessly!
You are too injured to fight recklessly!
You are too injured to fight recklessly!
You are too injured to fight recklessly!
You are too injured to fight recklessly!
You are too injured to fight recklessly!
You are too injured to fight recklessly!
You are too injured to fight recklessly!
You are too injured to fight recklessly!
You are too injured to fight recklessly!
You are too injured to fight recklessly!
You are too injured to fight recklessly!
You are too injured to fight recklessly!
You are too injured to fight recklessly!
You are too injured to fight recklessly!
You are too injured to fight recklessly!
You are too injured to fight recklessly!
You are too injured to fight recklessly!
You are too injured to fight recklessly!
You are too injured to fight recklessly!
You are too injured to fight recklessly!
You closely miss the leopard gecko. The leopard gecko bites you.
* * * LOW HITPOINT WARNING * * *
You take 3 damage, and have 3/15 hp.
You miss the leopard gecko. The leopard gecko barely misses you.
You hit the leopard gecko.
The leopard gecko is moderately wounded.
The leopard gecko misses you. x2
You punch the leopard gecko!
You kill the leopard gecko!
You barely miss the goblin. The goblin hits you with a club.
* * * LOW HITPOINT WARNING * * *
You take 1 damage, and have 2/15 hp.
You barely miss the goblin. The goblin barely misses you.
You barely miss the goblin. The goblin hits you with a club.
You die...

██. ███.. . .... ..
█...██ .... █.....
█..... █....█
█████g...... █....█
█..@gK....█
█....███..███..███
█...........█ █ █
██....███..█.█ █.
█.....█ █......
██.██.███.███.......█
..... █.............
█.█..███.███.........
█ █......█ ██.█..█...


You could see a hobgoblin, a goblin and a kobold.

Vanquished Creatures
  A leopard gecko (D:1)
  A goblin (D:1)
  A hobgoblin (D:1)
  A bat (D:1)
4 creatures vanquished.

Notes
Turn   | Place    | Note
-------+----------+-------------------------------------------
     0 | D:1      | Goblin1989 the Barachi Transmuter began the quest for the Orb.
     0 | D:1      | Reached XP level 1. HP: 15/15 MP: 3/3
    37 | D:1      | Upgraded the game from 0.21-a0-273-g0785366 to 0.21-a0-274-gc1afaeb
   248 | D:1      | Slain by a goblin

Vault maps used:
D:1:      giann_horns

Action                   || total
-------------------------++-------
Melee: Unarmed           ||    28
 Cast: Beastly Appendage ||     1
Armor: Robe              ||     2
Dodge: Dodged            ||    15

Table legend:
 A = Spawn XP
 B = Non-spawn XP
 C = Spawn XP percentage of total XP
 D = Spawn monster count
 E = Non-spawn monster count
 F = Spawn count percentage of total count
 G = Total turns spent on level
                    A         B        C        D         E        F      G
               +---------+---------+-------+---------+---------+-------+---------
         Total |       0 |       8 |   0.0 |       0 |       4 |   0.0 |   248
               +---------+---------+-------+---------+---------+-------+---------
           D:1 |       0 |       8 |   0.0 |       0 |       4 |   0.0 |   248
               +---------+---------+-------+---------+---------+-------+---------

Vault maps used:
D:1:      giann_horns
